 Dungeon Crawl Stone Soup version 0.31.0-11-ge490571c62 (webtiles) character file.

Game seed: 10693246360344765951

106 qw the Shooter (level 4, -3/22 HPs)
             Began as a Spriggan Hunter on Feb 3, 2024.
             Killed from afar by Natasha (8 damage)
             ... with a puff of flame
             ... on level 2 of the Dungeon.
             The game lasted 00:00:04 (935 turns).

qw the Shooter (Spriggan Hunter)                     Turns: 935, Time: 00:00:04

Health: -3/22      AC:  2    Str:  7    XL:     4   Next: 55%
Magic:  5/5        EV: 20    Int: 10    God:
Gold:   40         SH:  0    Dex: 20    Spells: 3/3 levels left

rFire   . . .        a - +0 shortbow
rCold   . . .        (shield currently unavailable)
rNeg    . . .        c - +0 robe
rPois   .            (helmet restricted)
rElec   .            (no cloak)
rCorr   .            (gloves unavailable)
SInv    +            (boots unavailable)
Will    .....        h - amulet of faith
Stlth   ++           (no ring)
HPRegen 0.23/turn    (no ring)
MPRegen 0.09/turn

%: faith
@: about to teleport, slowed, quick
A: very small, no large weapons, unfitting armour, see invisible, speed 3
a: no special abilities


You were on level 2 of the Dungeon.
You visited 1 branch of the dungeon, and saw 2 of its levels.

You collected 40 gold pieces.


Innate Abilities, Weirdness & Mutations

You are very small and have problems with some larger weapons.
You are too small for most types of armour.
You have supernaturally acute eyesight. (SInv)
You cover ground extremely quickly. (Speed+++)


   Skills:
 + Level 1.6 Fighting
 - Level 5.0 Ranged Weapons
 - Level 5.0 Dodging
 - Level 1.5 Stealth


You had 3 spell levels left.
You didn't know any spells.
Your spell library was empty.

Inventory:

Hand Weapons
 a - a +0 shortbow (weapon)
Armour
 c - a +0 robe (worn)
Jewellery
 d - a ring of fire
 h - an amulet of faith (around neck)
Scrolls
 b - a scroll of identify
Potions
 f - a potion of mutation
 g - a potion of might {unknown}
 i - a potion of curing {unknown}

Dungeon Overview and Level Annotations

Branches:
Dungeon (2/15)

Altars:

Annotations:
D:2 Natasha


Message History

You kill Natasha!
Natasha screams in fury as she dies!
The cerulean imp disappears in a puff of smoke!
Your Dodging skill increases to level 5!
You start resting.
HP restored.
There is a stone staircase leading down here.
Found a stone staircase leading down.
A ball python and a rat come into view.
You shoot an arrow. The arrow hits the rat!
You kill the rat!
You shoot an arrow.
The arrow closely misses the ball python.
You shoot an arrow.
The arrow hits the ball python but does no damage.
You shoot an arrow.
The arrow barely misses the ball python.
You shoot an arrow. The arrow hits the ball python.
You kill the ball python!
Natasha, Servant of Life and Death comes into view.
She is carrying a wand of flame.
You shoot an arrow. The arrow closely misses Natasha.
Natasha hisses angrily.
Natasha casts a spell at you.
You feel yourself slow down.
929 ||| FLEEEEING.
You start waiting.
Natasha is nearby!
You shoot an arrow. The arrow closely misses Natasha.
Natasha zaps a wand.
The puff of flame misses you.
You shoot an arrow. The arrow closely misses Natasha.
Natasha claws you!
You shoot an arrow. The arrow barely misses Natasha.
Natasha casts a spell at you. The magic dart hits you!
935 ||| READING scroll of teleportation.
As you read the scroll of teleportation, it crumbles to dust.
You feel strangely unstable.
Natasha zaps a wand.
The puff of flame hits you!
You die...
Natasha begins licking her fur clean.

########.........#
#.....###.##
#..........#
#.........## #.
#......##.# ...
#.........# ...
#......#..# ...
........#..## #
...
#.......#.@.#.#
...
......####h...# #
...#.........# #
###.##...%# # #
....># ...#.##
....... #.#.....#
#### .h#.. ..#


You could see Natasha.

Vanquished Creatures
  Natasha (D:2)
  Terence (D:2)
  An adder (D:2)
  5 endoplasms
  A giant cockroach (D:1)
  9 goblins
  2 hobgoblins
  2 jackals (D:1)
  3 kobolds
  3 quokkas (D:1)
  3 ball pythons
  7 bats
  4 frilled lizards
  4 rats
46 creatures vanquished.

Notes
Turn   | Place    | Note
-------+----------+-------------------------------------------
     0 | D:1      | qw the Spriggan Hunter began the quest for the Orb.
     0 | D:1      | Reached XP level 1. HP: 10/10 MP: 2/2
     0 | D:1      | 0 ||| qw: Version: 0.3-a-158-g18b3111
     0 | D:1      | 0 ||| qw: Game counter: 4260
     0 | D:1      | 0 ||| qw: Melee chars always use a shield: true
     0 | D:1      | 0 ||| qw: God list: Okawaru
     0 | D:1      | 0 ||| qw: Allow faded altars: false
     0 | D:1      | 0 ||| qw: Do Orc after clearing Dungeon:15 true
     0 | D:1      | 0 ||| qw: Do second Lair branch before Depths: true
     0 | D:1      | 0 ||| qw: Lair rune preference: random
     0 | D:1      | 0 ||| qw: Goals: Normal
     0 | D:1      | 0 ||| PLANNING D:1-11
    62 | D:1      | Reached skill level 3 in Dodging
   113 | D:1      | Reached XP level 2. HP: 14/14 MP: 3/3
   588 | D:1      | Reached XP level 3. HP: 18/18 MP: 4/4
   632 | D:1      | 632 ||| UPGRADING to amulet of faith.
   637 | D:1      | 637 ||| READING scroll labelled LOEPIW IFILL.
   641 | D:1      | 641 ||| READING scroll labelled YHUEFIBLIK.
   641 | D:1      | 641 ||| IDENTIFYING smoky orange potion
   642 | D:1      | 642 ||| DROPPING scroll of butterflies.
   749 | D:2      | Noticed Terence
   756 | D:2      | Killed Terence
   788 | D:2      | Reached XP level 4. HP: 22/22 MP: 5/5
   863 | D:2      | Noticed Natasha
   870 | D:2      | Killed Natasha
   927 | D:2      | Noticed Natasha
   929 | D:2      | 929 ||| FLEEEEING.
   934 | D:2      | HP: 5/22 [Natasha/magic dart (9)]
   935 | D:2      | 935 ||| READING scroll of teleportation.
   935 | D:2      | Killed from afar by Natasha

Levels and vault maps discovered:
D:1:      erik_arrival_triangle_small, layout_loops_ring
D:2:      layout_basic, serial_bayou_lagoon_a, chequers_serial_rivers_micro_a,
          uniq_natasha, uniq_terence

Skill      XL: |  1  2  3  4 |
---------------+-------------+-----
Dodging        | 3 4 5 |  5.0
Ranged Weapons | 5 |  5.0
Fighting       | |  1.6
Stealth        | |  1.5

Action                     |  1- 3 |  4- 6 || total
---------------------------+-------+-------++-------
   Fire: Shortbow          |    97 |    26 ||   123
    Use: Scroll            |     2 |     1 ||     3
 Armour: Robe              |     9 |     5 ||    14
  Dodge: Dodged            |    31 |     5 ||    36

Table legend:
 A = Non-vault XP
 B = Vault XP
 C = Vault XP percentage of total XP
 D = Non-vault monster count
 E = Vault monster count
 F = Vault count percentage of total count
                 A         B        C        D         E       F
            +---------+---------+-------+---------+---------+-------
      Total |      79 |      73 |  48.0 |      44 |       2 |   4.3
            +---------+---------+-------+---------+---------+-------
        D:1 |      45 |       0 |   0.0 |      30 |       0 |   0.0
        D:2 |      34 |      73 |  68.2 |      14 |       2 |  12.5
            +---------+---------+-------+---------+---------+-------
